 Dungeon Crawl Stone Soup version 0.24-a0-584-g9d6b971ae4 (webtiles) character file.

Game seed: 17863659859864506591, levelgen mode: deterministic

47 Mithandil the Skirmisher (level 3, -1/29 HPs)
             Began as a Demonspawn Abyssal Knight on Sept 5, 2019.
             Was a Follower of Lugonu.
             Slain by a gnoll
             ... wielding a +0 halberd
              (7 damage)
             ... on level 1 of the Dungeon.
             The game lasted 00:05:35 (987 turns).

Mithandil the Skirmisher (Demonspawn Abyssal Knight) Turns: 987, Time: 00:05:36

Health: -1/29      AC:  8    Str: 13    XL:     3   Next: 48%
Magic:  5/5        EV: 11    Int: 13    God:    Lugonu [*.....]
Gold:   86         SH:  0    Dex: 12    Spells: 2/2 levels left

rFire    . . .     SeeInvis .   a - +2 short sword (speed)
rCold    . . .     Gourm    .   (no shield)
rNeg     . . .     Faith    .   f - +0 leather armour
rPois    .         Spirit   .   (no helmet)
rElec    .         Reflect  .   (no cloak)
rCorr    .         Harm     .   (no gloves)
MR       .....                  i - +2 pair of boots
Stlth    +.........             (no amulet)
HPRegen  0.09/turn              (no ring)
MPRegen  0.09/turn              (no ring)

@: no status effects
A: yellow scales 1, rot immunity
a: Depart the Abyss, Renounce Religion


You were on level 1 of the Dungeon.
You worshipped Lugonu.
Lugonu was aware of your devotion.
You were not hungry.

You visited 1 branch of the dungeon, and saw 2 of its levels.
You visited the Abyss 1 time.

You collected 86 gold pieces.

Inventory:

Hand Weapons
 a - a +2 short sword of speed (weapon)
 b - a +1 spear
 k - a +0 hunting sling
Missiles
 e - 87 stones (quivered)
 l - 18 arrows
Armour
 f - a +0 leather armour (worn)
 i - a +2 pair of boots (worn)
Scrolls
 d - a scroll of magic mapping {unknown}
 h - a scroll of remove curse {unknown}
 j - a scroll of fear {unknown}
Comestibles
 c - 6 rations
 g - 4 chunks of flesh


   Skills:
 + Level 3.2 Fighting
 + Level 0.4 Short Blades
 - Level 2.0 Polearms
 + Level 2.1 Armour
 + Level 1.3 Dodging
 + Level 1.1 Stealth
 + Level 0.7 Unarmed Combat
 + Level 2.9 Invocations


You had 2 spell levels left.
You didn't know any spells.
Your spell library was empty.

Dungeon Overview and Level Annotations

Branches:
Dungeon (2/15)

Altars:
Fedhas


Innate Abilities, Weirdness & Mutations

You are partially covered in yellow scales. (AC +2)
You are immune to rotting.


Message History

There is a stone staircase leading down here.
You barely miss the gnoll. You hit the gnoll.
The gnoll is lightly wounded.
The gnoll hits you with a +0 halberd!
* * * LOW HITPOINT WARNING * * *
You hit the gnoll.
The gnoll is moderately wounded.
The gnoll misses you.
You barely miss the gnoll.
The gnoll is moderately wounded.
You hit the gnoll.
The gnoll is heavily wounded.
The gnoll closely misses you.
You hit the gnoll.
The gnoll is heavily wounded.
You barely miss the gnoll.
The gnoll is heavily wounded.
The gnoll hits you with a +0 halberd!
You die...

#....# #.####
#.# #####.#
##.....####
#.........#
#.###.###.#
#.#g.)÷÷#.#
#.#.@)..#.#
#.........#
#.#.....#..#
##.#.....#..#
#..###.###..#
#....÷......#
#.#####.#.#.#
......
##.#####


You could see a gnoll.

Vanquished Creatures
  A gnoll (D:1)
  3 dart slugs (D:1)
  2 leopard geckos (D:1)
  A ball python (D:1)
  4 bats (D:1)
  A giant cockroach (D:1)
  2 hobgoblins (D:1)
  8 jackals (D:1)
  A frilled lizard (D:1)
  3 kobolds (D:1)
  A rat (D:1)
27 creatures vanquished.

Notes
Turn   | Place    | Note
-------+----------+-------------------------------------------
     0 | Abyss:1  | Mithandil the Demonspawn Abyssal Knight began the quest for
                  | the Orb.
     0 | Abyss:1  | Reached XP level 1. HP: 18/18 MP: 2/2
    74 | Abyss:1  | Found an ornate altar of the Wu Jian Council.
   119 | Abyss:1  | Noticed a thrashing horror
   120 | D:1      | Escaped the Abyss
   150 | D:2      | Found a blossoming altar of Fedhas.
   168 | D:1      | Reached skill level 1 in Dodging
   185 | D:1      | Gained mutation: You are partially covered in yellow
                  | scales. (AC +2) [demonic ancestry]
   185 | D:1      | Reached XP level 2. HP: 14/24 MP: 3/3
   187 | D:1      | Reached * piety under Lugonu
   694 | D:1      | Gained mutation: You are immune to rotting. [demonic
                  | ancestry]
   694 | D:1      | Reached XP level 3. HP: 24/29 MP: 5/5
   819 | D:1      | Reached skill level 1 in Stealth
   987 | D:1      | Slain by a gnoll

Levels and vault maps discovered:
D:1:      dpeg_arrival_line_fractal, layout_basic,
          minmay_misc_feat_four_crosses, st_stairs_3
D:2:      layout_basic, fedhas_altar_1, nemelex_altar_shiori,
          chequers_temple_overflow_statue_of_worship

Skill      XL: |  1  2  3 |
---------------+----------+-----
Dodging        | 1 |  1.3
Polearms       | 2 |  2.0
Armour         | 2 |  2.1
Stealth        | 1 |  1.1
Fighting       | |  3.2
Short Blades   | |  0.4
Unarmed Combat | |  0.7
Invocations    | |  2.9

Action                   || total
-------------------------++-------
Melee: Spear             ||    17
       Short sword       ||   110
Invok: Depart the Abyss  ||     1
Armor: Leather armour    ||    71
Dodge: Dodged            ||    88

Table legend:
 A = Non-vault XP
 B = Vault XP
 C = Vault XP percentage of total XP
 D = Non-vault monster count
 E = Vault monster count
 F = Vault count percentage of total count
                 A         B        C        D         E       F
            +---------+---------+-------+---------+---------+-------
      Total |      64 |       4 |   5.9 |      25 |       2 |   7.4
            +---------+---------+-------+---------+---------+-------
        D:1 |      64 |       4 |   5.9 |      25 |       2 |   7.4
            +---------+---------+-------+---------+---------+-------
